TOP OF THE 1ST |
State College Spikes batting - Pitching for Nantucket Orcas : RHP Pedro Santiago
|
Pitching: RHP Pedro Santiago
|
|
Batting: RHB Alonzo Herrera
|
0-0: Ball 1-0: Called Strike 1-1: DOUBLE (Line Drive, 9LM)
|
Batting: RHB Javier Peña
|
0-0: Ball 1-0: Ball 2-0: Foul Ball, location: 2F 2-1: Swinging Strike 2-2: Ball 3-2: Strikes out looking
|
Batting: RHB Eric Knight
|
0-0: Ball 1-0: SINGLE (Groundball, 34D) Alonzo Herrera to third Throwing error, E9 Alonzo Herrera scores Eric Knight to second
|
Batting: SHB Clint Woods
|
0-0: Called Strike 0-1: Ball 1-1: Ball 2-1: Foul Ball, location: 2F 2-2: Ball 3-2: Fly out, F9 (Flyball, 9S)
|
Batting: RHB Blair Whitehead
|
0-0: Called Strike 0-1: Ball 1-1: Ground out 5-3 (Groundball, 5)
|
Top of the 1st over - 1 run(s), 2 hit(s), 1 error(s), 1 left on base; State College 1 - Nantucket 0 |
BOTTOM OF THE 1ST |
Nantucket Orcas batting - Pitching for State College Spikes : RHP Francisco Álvarez
|
Pitching: RHP Francisco Álvarez
|
|
Batting: RHB Jorge Hernández
|
0-0: Ball 1-0: SINGLE (Line Drive, 8LS)
|
Batting: RHB Ramón Díaz
|
0-0: Foul Ball, location: 2F 0-1: Ball 1-1: Ball 2-1: Grounds into double play, 4-6-3 (Groundball, 4M)
|
Batting: SHB Cory Campbell
|
0-0: Ball 1-0: Ball 2-0: Ball 3-0: Called Strike 3-1: Called Strike 3-2: Foul Ball, location: 2F 3-2: Ground out 4-3 (Groundball, 4M)
|
Bottom of the 1st over - 0 run(s), 1 hit(s), 0 error(s), 0 left on base; State College 1 - Nantucket 0 |
TOP OF THE 2ND |
State College Spikes batting - Pitching for Nantucket Orcas : RHP Pedro Santiago
|
Batting: RHB Norberto Márquez
|
0-0: Ball 1-0: Ball 2-0: Foul Ball, location: 2F 2-1: Swinging Strike 2-2: Strikes out swinging
|
Batting: SHB Thomas Simmons
|
0-0: Ball 1-0: Ball 2-0: Foul Ball, location: 2F 2-1: Swinging Strike 2-2: Strikes out swinging
|
Batting: LHB Burt Ward
|
0-0: Called Strike 0-1: Called Strike 0-2: Strikes out swinging
|
Top of the 2nd over - 0 run(s), 0 hit(s), 0 error(s), 0 left on base; State College 1 - Nantucket 0 |
BOTTOM OF THE 2ND |
Nantucket Orcas batting - Pitching for State College Spikes : RHP Francisco Álvarez
|
Batting: RHB Roberto Canó
|
0-0: Ball 1-0: Foul Ball, location: 2F 1-1: Ball 2-1: SINGLE (Flyball, 8RM)
|
Batting: LHB Noah Gillespie
|
0-0: Ball 1-0: 2-RUN HOME RUN (Flyball, 9D), Distance : 390 ft
|
Batting: RHB César Osequedo
|
0-0: Ball 1-0: SINGLE (Groundball, 13) (infield hit)
|
Batting: LHB Eugene Lee
|
0-0: Ball 1-0: Foul Ball, location: 2F 1-1: SINGLE (Flyball, 8RS) César Osequedo to second
|
Batting: RHB Domingo Hernández
|
0-0: Ball César Osequedo is caught stealing 3rd base Eugene Lee to second 1-0: Ball 2-0: Ball 3-0: Base on Balls
|
Batting: RHB Anastasio Zartuche
|
0-0: Ball 1-0: Fly out, F5 (Line Drive, 5S)
|
Batting: RHB Jorge Hernández
|
0-0: Called Strike 0-1: Ball 1-1: Called Strike 1-2: Strikes out swinging
|
Bottom of the 2nd over - 2 run(s), 4 hit(s), 0 error(s), 2 left on base; State College 1 - Nantucket 2 |
TOP OF THE 3RD |
State College Spikes batting - Pitching for Nantucket Orcas : RHP Pedro Santiago
|
Batting: RHB Nick Mackin
|
0-0: Ball 1-0: Foul Ball, location: 2F 1-1: Called Strike 1-2: Foul Ball, location: 2F 1-2: Ball 2-2: Foul Ball, location: 2F 2-2: Foul Ball, location: 2F 2-2: Fly out, F7 (Flyball, 7M)
|
Batting: RHB Alonzo Herrera
|
0-0: Ball 1-0: Foul Ball, location: 2F 1-1: Called Strike 1-2: Ball 2-2: Strikes out swinging
|
Batting: RHB Javier Peña
|
0-0: Ball 1-0: Foul Ball, location: 2F 1-1: Foul Ball, location: 2F 1-2: Ball 2-2: Foul Ball, location: 2F 2-2: SINGLE (Line Drive, 6D)
|
Batting: RHB Eric Knight
|
0-0: Ball 1-0: Swinging Strike 1-1: Called Strike 1-2: Foul Ball, location: 2F 1-2: Ball Javier Peña steals 2nd base 2-2: Ball 3-2: Foul Ball, location: 2F 3-2: Ground out 5-3 (Groundball, 56)
|
Top of the 3rd over - 0 run(s), 1 hit(s), 0 error(s), 1 left on base; State College 1 - Nantucket 2 |
BOTTOM OF THE 3RD |
Nantucket Orcas batting - Pitching for State College Spikes : RHP Francisco Álvarez
|
Batting: RHB Ramón Díaz
|
0-0: SINGLE (Line Drive, 9S)
|
Batting: SHB Cory Campbell
|
0-0: Ball 1-0: Foul Ball, location: 2F 1-1: Ball 2-1: Ball 3-1: DOUBLE (Flyball, 89XD) Ramón Díaz to third
|
Batting: RHB Roberto Canó
|
0-0: Called Strike 0-1: Ball 1-1: Ball 2-1: SINGLE (Line Drive, 34D) Ramón Díaz scores Cory Campbell to third Runner from 3rd tries for Home, SAFE, no throw or cutoff
|
Batting: LHB Noah Gillespie
|
0-0: Called Strike 0-1: Ball 1-1: Fielders Choice at 2nd, 4-6 (Groundball, 34)
|
Batting: RHB César Osequedo
|
0-0: Ball 1-0: Called Strike 1-1: Fielders Choice at 2nd, 5-4 (Groundball, 56)
|
Now at 2B: Greg Butterfield
|
|
Batting: LHB Eugene Lee
|
0-0: Ground out 4-3 (Groundball, 34)
|
Bottom of the 3rd over - 2 run(s), 3 hit(s), 0 error(s), 1 left on base; State College 1 - Nantucket 4 |
TOP OF THE 4TH |
State College Spikes batting - Pitching for Nantucket Orcas : RHP Pedro Santiago
|
Batting: SHB Clint Woods
|
0-0: Ball 1-0: Ball 2-0: Fly out, F7 (Flyball, 78M)
|
Batting: RHB Blair Whitehead
|
0-0: Called Strike 0-1: Ball 1-1: Ball 2-1: Fly out, F6 (Line Drive, 6)
|
Batting: RHB Norberto Márquez
|
0-0: Called Strike 0-1: Swinging Strike 0-2: Ball 1-2: Ground out 1-3 (Groundball, 13S)
|
Top of the 4th over - 0 run(s), 0 hit(s), 0 error(s), 0 left on base; State College 1 - Nantucket 4 |
BOTTOM OF THE 4TH |
Nantucket Orcas batting - Pitching for State College Spikes : RHP Francisco Álvarez
|
Batting: RHB Domingo Hernández
|
0-0: SINGLE (Line Drive, 78S)
|
Batting: RHB Anastasio Zartuche
|
0-0: Foul Ball, location: 2F 0-1: Called Strike 0-2: Ball 1-2: Foul Ball, location: 2F 1-2: Strikes out looking
|
Batting: RHB Jorge Hernández
|
0-0: Foul Ball, location: 2F 0-1: Ball 1-1: Fly out, F7 (Flyball, 7D)
|
Batting: RHB Ramón Díaz
|
0-0: Swinging Strike 0-1: Called Strike 0-2: Ball 1-2: Foul Ball, location: 2F 1-2: SINGLE (Groundball, 6MD) Domingo Hernández to second Runner from 2nd tries for 3rd, SAFE, no throw or cutoff
|
Batting: SHB Cory Campbell
|
0-0: Called Strike 0-1: Ball 1-1: Called Strike 1-2: Ball 2-2: Strikes out swinging
|
Bottom of the 4th over - 0 run(s), 2 hit(s), 0 error(s), 2 left on base; State College 1 - Nantucket 4 |
TOP OF THE 5TH |
State College Spikes batting - Pitching for Nantucket Orcas : RHP Pedro Santiago
|
Batting: SHB Thomas Simmons
|
0-0: Ball 1-0: Called Strike 1-1: Ball 2-1: Foul Ball, location: 2F 2-2: Strikes out swinging
|
Batting: LHB Burt Ward
|
0-0: Called Strike 0-1: Ball 1-1: Ball 2-1: Foul Ball, location: 2F 2-2: Strikes out swinging
|
Batting: SHB Greg Butterfield
|
0-0: Ball 1-0: Fly out, F6 (Popup, 6MS)
|
Top of the 5th over - 0 run(s), 0 hit(s), 0 error(s), 0 left on base; State College 1 - Nantucket 4 |
BOTTOM OF THE 5TH |
Nantucket Orcas batting - Pitching for State College Spikes : RHP Francisco Álvarez
|
Batting: RHB Roberto Canó
|
0-0: Called Strike 0-1: Swinging Strike 0-2: Ball 1-2: Ball 2-2: Foul Ball, location: 2F 2-2: Foul Ball, location: 2F 2-2: Ball 3-2: Strikes out swinging
|
Batting: LHB Noah Gillespie
|
0-0: Foul Ball, location: 2F 0-1: Called Strike 0-2: Strikes out swinging
|
Batting: RHB César Osequedo
|
0-0: Foul Ball, location: 2F 0-1: Called Strike 0-2: Ball 1-2: Foul Ball, location: 2F 1-2: Foul Ball, location: 2F 1-2: Foul Ball, location: 2F 1-2: Foul Ball, location: 2F 1-2: TRIPLE (Line Drive, 89M)
|
Pitching: RHP Ron Crawford
|
|
Batting: LHB Eugene Lee
|
0-0: Called Strike 0-1: Ball 1-1: Foul Ball, location: 2F 1-2: Foul Ball, location: 2F 1-2: Ball 2-2: Foul Ball, location: 2F 2-2: Ball 3-2: Hit by Pitch
|
Batting: RHB Domingo Hernández
|
0-0: Ball 1-0: SINGLE (Groundball, 4MD) César Osequedo scores Eugene Lee to second
|
Batting: RHB Anastasio Zartuche
|
0-0: Foul Ball, location: 2F 0-1: Swinging Strike 0-2: Strikes out looking
|
Bottom of the 5th over - 1 run(s), 2 hit(s), 0 error(s), 2 left on base; State College 1 - Nantucket 5 |
TOP OF THE 6TH |
State College Spikes batting - Pitching for Nantucket Orcas : RHP Pedro Santiago
|
Batting: RHB Alonzo Herrera
|
0-0: Swinging Strike 0-1: Called Strike 0-2: Strikes out swinging
|
Pitching: RHP Sean Flynn
|
|
Batting: RHB Javier Peña
|
0-0: Called Strike 0-1: Foul Ball, location: 2F 0-2: Foul Ball, location: 2F 0-2: Ball 1-2: Ball 2-2: Ball 3-2: Base on Balls
|
Batting: RHB Eric Knight
|
0-0: Foul Ball, location: 2F 0-1: Called Strike 0-2: Ball 1-2: Hit by Pitch Javier Peña to second
|
Batting: SHB Clint Woods
|
0-0: DOUBLE (Flyball, 78XD) Javier Peña scores Eric Knight to third Runner from 3rd tries for Home, SAFE, throw made home
|
Batting: RHB Blair Whitehead
|
0-0: Ball 1-0: Foul Ball, location: 2F 1-1: Ground out 6-3 (Groundball, 6)
|
Batting: RHB Norberto Márquez
|
0-0: Hit by Pitch
|
Batting: SHB Thomas Simmons
|
0-0: Ball 1-0: Fielders Choice at 2nd, 6-4 (Groundball, 6)
|
Top of the 6th over - 2 run(s), 1 hit(s), 0 error(s), 1 left on base; State College 3 - Nantucket 5 |
BOTTOM OF THE 6TH |
Nantucket Orcas batting - Pitching for State College Spikes : RHP Ron Crawford
|
Batting: RHB Jorge Hernández
|
0-0: Called Strike 0-1: Ball 1-1: Ball 2-1: Swinging Strike 2-2: Strikes out swinging
|
Batting: RHB Ramón Díaz
|
0-0: SINGLE (Groundball, 6MD)
|
Batting: SHB Cory Campbell
|
0-0: Ball 1-0: Ball 2-0: Ball 3-0: Base on Balls Ramón Díaz to second
|
Batting: RHB Roberto Canó
|
0-0: SINGLE (Groundball, 56D) Ramón Díaz to third Cory Campbell to second
|
Batting: LHB Noah Gillespie
|
0-0: Ball 1-0: Ball 2-0: Called Strike 2-1: Swinging Strike 2-2: Foul Ball, location: 2F 2-2: Strikes out looking
|
Batting: RHB César Osequedo
|
0-0: Hit by Pitch Ramón Díaz scores Cory Campbell to third Roberto Canó to second
|
Batting: LHB Eugene Lee
|
0-0: Called Strike 0-1: Called Strike 0-2: Ball 1-2: Ball 2-2: Foul Ball, location: 2F 2-2: Foul Ball, location: 2F 2-2: Strikes out swinging
|
Bottom of the 6th over - 1 run(s), 2 hit(s), 0 error(s), 3 left on base; State College 3 - Nantucket 6 |
TOP OF THE 7TH |
State College Spikes batting - Pitching for Nantucket Orcas : RHP Sean Flynn
|
Batting: LHB Burt Ward
|
0-0: TRIPLE (Flyball, 78S)
|
Batting: SHB Greg Butterfield
|
0-0: Ball 1-0: Ball 2-0: Called Strike 2-1: Swinging Strike 2-2: Foul Ball, location: 2F 2-2: Strikes out looking
|
Batting: RHB Alonzo Herrera
|
0-0: Ball 1-0: Called Strike 1-1: Ground out 5-3 (Groundball, 56) Burt Ward scores
|
Batting: RHB Javier Peña
|
0-0: Foul Ball, location: 2F 0-1: Foul Ball, location: 2F 0-2: Foul Ball, location: 2F 0-2: Ball 1-2: Ball 2-2: Foul Ball, location: 2F 2-2: Foul Ball, location: 2F 2-2: Ball 3-2: Reached on error, E5 (Groundball, 5S)
|
Pitching: RHP Kade Coleman
|
|
Batting: RHB Eric Knight
|
0-0: Called Strike 0-1: Foul Ball, location: 2F 0-2: Ground out 4-3 (Groundball, 4)
|
Top of the 7th over - 1 run(s), 1 hit(s), 1 error(s), 1 left on base; State College 4 - Nantucket 6 |
BOTTOM OF THE 7TH |
Nantucket Orcas batting - Pitching for State College Spikes : RHP Ron Crawford
|
Batting: RHB Domingo Hernández
|
0-0: Ground out 6-3 (Groundball, 6MS)
|
Batting: RHB Anastasio Zartuche
|
0-0: Foul Ball, location: 2F 0-1: Foul Ball, location: 2F 0-2: Ball 1-2: Strikes out looking
|
Batting: RHB Jorge Hernández
|
0-0: Ball 1-0: Ball 2-0: Fly out, F7 (Flyball, 7D)
|
Bottom of the 7th over - 0 run(s), 0 hit(s), 0 error(s), 0 left on base; State College 4 - Nantucket 6 |
TOP OF THE 8TH |
State College Spikes batting - Pitching for Nantucket Orcas : RHP Kade Coleman
|
Batting: SHB Clint Woods
|
0-0: Ball 1-0: Called Strike 1-1: Ground out 3-1 (Groundball, 34)
|
Batting: RHB Blair Whitehead
|
0-0: Ball 1-0: Ball 2-0: Ball 3-0: Base on Balls
|
Batting: RHB Norberto Márquez
|
0-0: Called Strike 0-1: Fielders Choice at 2nd, 6-4 (Groundball, 56)
|
Batting: SHB Thomas Simmons
|
0-0: Called Strike 0-1: Called Strike 0-2: Ball 1-2: Ball 2-2: Foul Ball, location: 2F 2-2: Strikes out swinging
|
Top of the 8th over - 0 run(s), 0 hit(s), 0 error(s), 1 left on base; State College 4 - Nantucket 6 |
BOTTOM OF THE 8TH |
Nantucket Orcas batting - Pitching for State College Spikes : RHP Ron Crawford
|
Pitching: RHP Tomás Hurtado
|
|
Batting: RHB Ramón Díaz
|
0-0: Ball 1-0: Ball 2-0: Ball 3-0: Base on Balls
|
Batting: SHB Cory Campbell
|
0-0: Foul Ball, location: 2F 0-1: Foul Ball, location: 2F 0-2: Ball 1-2: Foul Ball, location: 2F 1-2: Foul Ball, location: 2F 1-2: Ball 2-2: Foul Ball, location: 2F 2-2: Ball 3-2: Fielders Choice at 2nd, 4-6 (Groundball, 34)
|
Batting: RHB Roberto Canó
|
0-0: Ball 1-0: SINGLE (Groundball, 56D) Cory Campbell to second
|
Pinch Hitting: SHB Eric Pimentel
|
0-0: Ball Cory Campbell steals 3rd base Roberto Canó to second 1-0: Intentional Walk
|
Batting: RHB César Osequedo
|
0-0: Fly out, F5 (Popup, 56S)
|
Batting: LHB Eugene Lee
|
0-0: Ball 1-0: Ball 2-0: Fly out, F9 (Flyball, 89S)
|
Bottom of the 8th over - 0 run(s), 1 hit(s), 0 error(s), 3 left on base; State College 4 - Nantucket 6 |
TOP OF THE 9TH |
State College Spikes batting - Pitching for Nantucket Orcas : RHP Kade Coleman
|
Pitching: RHP José Cuellar
|
|
Now in RF: Dan Dunn
|
|
Batting: LHB Burt Ward
|
0-0: Called Strike 0-1: Ball 1-1: Ball 2-1: DOUBLE (Line Drive, 89D)
|
Pinch Hitting: RHB Piotr Zahn
|
0-0: Ball 1-0: Swinging Strike 1-1: Ball 2-1: Ball 3-1: Base on Balls
|
Pinch Hitting: RHB Martín López
|
0-0: Bunted foul 0-1: Ball 1-1: Sac Bunt - play at first, batter OUT! 1-4 Burt Ward to third Piotr Zahn to second
|
Batting: RHB Javier Peña
|
0-0: Called Strike 0-1: Ball 1-1: Foul Ball, location: 2F 1-2: SINGLE (Line Drive, 9LM) Burt Ward scores Piotr Zahn to third
|
Batting: RHB Eric Knight
|
0-0: Ball 1-0: Swinging Strike 1-1: Ball 2-1: Ball 3-1: Base on Balls Javier Peña to second
|
Batting: SHB Clint Woods
|
0-0: Foul Ball, location: 2F 0-1: Ball 1-1: Foul Ball, location: 2F 1-2: Grounds into fielders choice 4-2 (Groundball, 4) Javier Peña to third Eric Knight to second
|
Batting: RHB Blair Whitehead
|
0-0: Called Strike 0-1: Foul Ball, location: 2F 0-2: Ball 1-2: Strikes out swinging
|
Top of the 9th over - 1 run(s), 2 hit(s), 0 error(s), 3 left on base; State College 5 - Nantucket 6 |
|